 Dungeon Crawl Stone Soup version 0.20.1-1-g8b1a95d (webtiles) character file.

35 Lanoc the Sneak (level 3, -4/14 HPs)
             Began as a Felid Air Elementalist on Nov 28, 2017.
             Killed from afar by Sigmund (11 damage)
             ... with a magic dart
             ... on level 2 of the Dungeon.
             The game lasted 00:05:52 (1040 turns).

Lanoc the Sneak (Felid Air Elementalist)            Turns: 1040, Time: 00:05:53

Health: -4/14      AC:  1    Str:  4    XL:     3   Next: 16%
Magic:  6/7        EV: 18    Int: 17    God:
Gold:   64         SH:  0    Dex: 16    Spells: 3/6 levels left
                                        Lives:  0   Deaths: 0

rFire    . . .     SeeInvis +   (weapon unavailable)
rCold    . . .     Gourm    .   (shield unavailable)
rNeg     . . .     Faith    .   (armour unavailable)
rPois    .         Spirit   .   (helmet unavailable)
rElec    .         Reflect  .   (cloak unavailable)
rCorr    +         Harm     .   (gloves unavailable)
MR       .....                  (boots unavailable)
Stlth    +++.......             (no amulet)
Regen    0.1/turn               h - ring of resist corrosion
MPRegen  0.1/turn               (no ring)

@: sluggish, slow
A: no armour, no weapons or thrown items, stealth, claws 1, fangs 3, see
invisible, carnivore 3, speed 1, shaggy fur 1, slow metabolism 1, sharp paws
a: no special abilities


You were on level 2 of the Dungeon.
You were completely stuffed.

You visited 1 branch of the dungeon, and saw 2 of its levels.

You collected 64 gold pieces.

Inventory:

Jewellery
 h - a ring of resist corrosion (left paw)
Scrolls
 c - a scroll of enchant armour {unknown}
 e - 2 scrolls of identify {unknown}
 g - a scroll of enchant weapon {unknown}
 k - a scroll of teleportation {unknown}
 m - a scroll of fog {unknown}
 n - a scroll of noise {unknown}
Potions
 d - a potion of might {unknown}
 i - a potion of flight {unknown}
 l - 3 potions of curing {unknown}
Books
 a - a book of Air

   Spells                             Type                      Level
   a - Shock                          Conjuration/Air              1
   b - Swiftness                      Charms/Air                   2
   c - Static Discharge               Conjuration/Air              3
   d - Airstrike                      Air                          4
   e - Lightning Bolt                 Conjuration/Air              5
Comestibles
 b - a meat ration
 f - a royal jelly
 j - 3 chunks of flesh


   Skills:
 + Level 3.0 Dodging
 + Level 3.3 Stealth
 + Level 2.1 Spellcasting
 + Level 1.1 Conjurations
 + Level 3.3 Air Magic


You had 3 spell levels left.
You knew the following spells:

 Your Spells              Type           Power        Failure   Level  Hunger
a - Shock                 Conj/Air       #...         8%          1    #......
b - Swiftness             Chrm/Air       #.......     14%         2    ###....


Dungeon Overview and Level Annotations

Branches:
Dungeon (2/15)

Altars:

Annotations:
D:2 Sigmund


Innate Abilities, Weirdness & Mutations

You cannot wear armour.
You are incapable of wielding weapons or throwing items.
Your paws allow you to move quietly. (Stealth)
You have sharp claws.
You have razor-sharp teeth.
You have supernaturally acute eyesight. (SInv)
You are carnivorous and can eat meat at any time.
You cover ground quickly.
You are covered in fur. (AC +1)
You have a slow metabolism.
Your sharp claws are effective at attacking unaware monsters.


Message History

You're too confused!
Found a ring mail and a scale mail.
A giant cockroach comes into view.
You bump into the rock wall.
You bump into the rock wall.
You bump into the rock wall.
Sigmund completely misses you.
You start to feel a little slower.
You feel less confused. Sigmund gestures at you while chanting.
You are confused.
You bump into the rock wall.
You feel sluggish. The adder closely misses you.
You feel less confused. The adder completely misses you.
Sigmund barely misses you. The adder bites you. The adder closely misses you.
Sigmund casts a spell at you. The magic dart hits you!
Ouch! That really hurt!
You die...

#............# #[...##..#.#
#.........##########...####.#<#
#.........# #................#
########### #.........####...#
#.........# #...# #.........#
#.#.# #.........# #.#.#
#.........####.#..
#@.@..............
#.S...............
#.........####.##.
#######......#.... ###.##.#.##.
.# ..S ## .# ##.# # .. # [. #


You could see Sigmund and an adder.

Vanquished Creatures
  An adder (D:2)
  2 dart slugs (D:1)
  A leopard gecko (D:1)
  2 giant cockroaches (D:1)
  3 goblins
  2 hobgoblins (D:1)
  4 bats
  2 frilled lizards (D:1)
  A kobold (D:1)
  3 rats
21 creatures vanquished.

Vanquished Creatures (others)
  A minotaur (D:1)
  2 elves (D:1)
  A troll (D:1)
  A formicid (D:1)
  A human (D:1)
  A dwarf (D:1)
  An ogre (D:1)
  A centaur (D:1)
  A mummy (D:1)
  An orc (D:1)
  A kobold (D:1)
  6 tentacles (D:1)
18 creatures vanquished.

Grand Total: 39 creatures vanquished

Notes
Turn   | Place    | Note
-------+----------+-------------------------------------------
     0 | D:1      | Lanoc the Felid Air Elementalist began the quest for the Orb.
     0 | D:1      | Reached XP level 1. HP: 7/7 MP: 4/4
     0 | D:1      | Noticed an ogre
     0 | D:1      | Noticed a troll
     0 | D:1      | Noticed a centaur
     0 | D:1      | Noticed a kraken
     0 | D:1      | Noticed an elf
     0 | D:1      | Noticed a minotaur
     0 | D:1      | Noticed a dwarf
     0 | D:1      | Noticed an elf
     0 | D:1      | Noticed a human
     0 | D:1      | Noticed a formicid
     5 | D:1      | Killed a formicid
     7 | D:1      | Killed an elf
    10 | D:1      | Killed a centaur
    11 | D:1      | Killed an ogre
    11 | D:1      | Killed a minotaur
    12 | D:1      | Killed a human
    14 | D:1      | Killed a troll
    14 | D:1      | Killed an elf
    16 | D:1      | Killed a dwarf
   127 | D:1      | Reached XP level 2. HP: 9/11 MP: 1/6
   239 | D:1      | Reached skill level 1 in Conjurations
   665 | D:2      | Learned a level 2 spell: Swiftness
   827 | D:2      | Reached XP level 3. HP: 10/14 MP: 0/7
  1019 | D:2      | Noticed Sigmund
  1040 | D:2      | Killed from afar by Sigmund

Skill      XL: |  1  2 |
---------------+-------+-----
Dodging        | 3 |  3.0
Air Magic      | 3 |  3.3
Stealth        | 3 |  3.3
Conjurations   | 1 |  1.1
Spellcasting   | |  2.1

Action                   || total
-------------------------++-------
Melee: Unarmed           ||    34
       Bite              ||     2
 Cast: Shock             ||    50
       Swiftness         ||     1
 Stab: Sleeping          ||     3
  Eat: Chunk             ||     8
Armor: Skin              ||     1
Dodge: Dodged            ||    40
